Map: Dusk Towers

Players

Miszu

  • Race: Terran Terran
  • League: Master

Welmu - Winner!

  • Race: Zerg Zerg
  • League: Master

VOD

Have the link to the VOD?

Description

Time

  • Played on: Feb. 5, 2016, 7:45 a.m.
  • Length: 10:03
Show
View Real Time Build Order
Export as new Build Order

Miszu Terran 

Build Orders: Reaper Expand, Bio Tank 

Get SALT Encoding   

  12  0:00  SCV  
  13  0:12  SCV  
  14  0:18  Supply Depot  
  14  0:25  SCV  
  15  0:39  SCV  
  15  0:42  Barracks  
  16  0:46  Refinery  
  16  0:51  SCV  
  17  1:05  SCV  
  18  1:17  SCV  
  19  1:29  Orbital Command  
  19  1:31  Reaper  
  20  1:40  Command Center  
  20  1:51  Supply Depot  
  20  1:54  SCV  
  20  2:00  Refinery  
  21  2:04  Barracks Reactor  
  21  2:06  SCV  
  22  2:13  Barracks  
  22  2:18  SCV  
  23  2:26  Factory  
  23  2:30  SCV  
  24  2:41  Marine  
  24  2:42  Barracks  
  25  2:44  Marine  
  26  2:55  SCV  
  27  3:01  Orbital Command  
  27  3:05  Barracks Tech Lab  
  27  3:07  SCV  
  27  3:08  Marine  
  27  3:10  Marine  
  29  3:20  Starport, Factory Tech Lab  
  29  3:24  SCV  
  30  3:29  SCV  
  30  3:31  Barracks Tech Lab  
  30  3:33  Stimpack  
  31  3:35  Marine  
  31  3:37  SCV  
  31  3:38  Marine  
  34  3:46  Siege Tank  
  34  3:47  SCV  
  38  3:51  Supply Depot  
  38  3:52  Marine  
  38  3:53  SCV  
  40  3:57  Medivac  
  40  4:00  SCV  
  43  4:03  Marine  
  43  4:04  Marine  
  43  4:05  SCV  
  46  4:13  Refinery, SCV  
  46  4:15  Supply Depot  
  47  4:18  SCV  
  47  4:24  Engineering Bay  
  48  4:25  SCV  
  48  4:27  Siege Tank  
  52  4:32  Marine x2  
  52  4:37  Medivac, SCV x2  
  58  4:41  Supply Depot  
  58  4:42  Marine  
  58  4:43  Marine  
  60  4:49  SCV  
  60  4:50  Supply Depot  
  60  4:52  SCV  
  62  4:54  Terran Infantry Weapons Level 1  
  62  5:02  Marine  
  62  5:06  Marine x3  
  66  5:07  Siege Tank  
  66  5:08  SCV  
  70  5:16  SCV  
  70  5:20  Marine  
  70  5:21  Medivac, SCV  
  73  5:23  Supply Depot  
  73  5:24  Marine  
  73  5:25  Supply Depot  
  73  5:28  SCV  
  77  5:30  Marine  
  78  5:45  Supply Depot, Marine, SCV  
  78  5:48  Marine  
  78  5:49  Supply Depot, Marine  
  82  5:50  Siege Tank  
  83  6:06  Marine  
  83  6:07  Marine x3  
  87  6:24  Marine  
  86  6:28  Marine  
  86  6:29  Marine  
  86  6:30  Medivac, Siege Tank  
  86  6:31  SCV x2  
  95  6:36  Supply Depot  
  95  6:38  Supply Depot  
  90  6:44  Command Center  
  75  6:55  Marine x4  
  75  6:56  SCV  
  75  6:57  SCV  
  75  6:58  Combat Shields  
  75  7:00  Medivac  
  75  7:01  Terran Infantry Armor Level 1  
  82  7:04  Refinery  
  82  7:05  Siege Tank  
  85  7:08  SCV  
  85  7:09  SCV  
  85  7:13  Marine x4  
  91  7:19  Engineering Bay  
  91  7:20  SCV, Armory  
  91  7:22  SCV  
  93  7:30  Marine  
  93  7:31  Marine x3, Medivac  
  93  7:32  Barracks, SCV  
  93  7:34  Barracks, SCV  
  93  7:37  Siege Tank  
  104  7:45  SCV  
  104  7:46  SCV  
  104  7:48  Marine  
  104  7:49  Marine x2  
  110  7:54  Refinery  
  110  7:56  Orbital Command  
  110  7:57  Refinery, SCV  
  110  7:58  SCV  
  112  8:01  Barracks Reactor  
  112  8:02  Starport Reactor  
  111  8:06  Marine  
  111  8:07  Marine x2  
  111  8:09  SCV  
  111  8:10  SCV  
  116  8:19  Marine  
  115  8:21  SCV  
  115  8:22  SCV  
  75  8:43  Marine  
  75  8:44  Marine x6  
  75  8:47  SCV  
  78  9:01  Marine  
  78  9:02  Marine x6, Siege Tank  
  86  9:11  Medivac x2  
  86  9:13  Orbital Command  
  84  9:19  Marine  
  84  9:20  Marine x6  
  91  9:34  SCV  
  91  9:35  SCV  
  91  9:37  Marine x5  
  91  9:38  Marine x2, SCV  
  104  9:47  SCV x2  
Show
View Real Time Build Order
Export as new Build Order

Welmu Zerg - Winner!

Build Orders: Hatch First 

Get SALT Encoding   

  12  0:01  Drone  
  13  0:13  Overlord  
  13  0:17  Drone  
  14  0:32  Drone x2  
  14  0:35  Drone  
  17  0:53  Hatchery  
  16  0:58  Drone x2  
  18  1:07  Extractor, Drone  
  18  1:19  Drone, Spawning Pool  
  18  1:28  Drone  
  19  1:46  Overlord  
  19  2:06  Queen x2  
  19  2:07  Zergling x2  
  19  2:08  Zergling x2, Drone  
  25  2:12  Metabolic Boost  
  27  2:15  Drone  
  27  2:20  Drone  
  28  2:26  Drone  
  28  2:28  Overlord  
  29  2:38  Zergling x2  
  29  2:39  Drone  
  31  2:47  Overlord  
  31  2:49  Drone  
  32  2:56  Zergling x2  
  32  3:03  Drone  
  33  3:09  Drone  
  34  3:14  Drone  
  34  3:16  Overlord, Hatchery  
  34  3:22  Drone x4  
  38  3:31  Drone x2  
  38  3:33  Overlord, Extractor  
  39  3:36  Drone x2  
  39  3:41  Roach Warren, Queen  
  41  3:50  Drone x4  
  45  3:58  Drone x2  
  45  4:02  Spore Crawler  
  46  4:03  Spore Crawler, Drone x3  
  46  4:05  Drone  
  49  4:13  Drone x2  
  51  4:22  Overlord x2  
  51  4:26  Extractor  
  51  4:27  Drone x2  
  51  4:28  Extractor  
  51  4:31  Drone  
  51  4:32  Drone x4  
  56  4:43  Evolution Chamber  
  55  4:51  Roach x5  
  55  4:52  Roach  
  67  5:03  Overlord  
  67  5:04  Overlord  
  67  5:07  Roach, Drone x2  
  69  5:08  Overlord  
  69  5:09  Zerg Missile Weapons Level 1  
  72  5:14  Drone  
  72  5:17  Overlord  
  72  5:24  Ravager x4, Spore Crawler  
  72  5:26  Overlord  
  75  5:29  Drone x5  
  75  5:32  Roach x3  
  86  5:36  Lair  
  86  5:39  Drone x2  
  88  5:44  Roach x2  
  88  5:45  Zergling x2  
  88  5:46  Zergling x2  
  94  5:50  Zergling x6  
  94  5:56  Roach x2  
  99  5:58  Overlord  
  97  6:08  Overlord  
  97  6:11  Overlord  
  92  6:22  Zergling x2  
  92  6:23  Zergling x14  
  92  6:24  Overlord  
  94  6:29  Zergling x4  
  94  6:30  Ravager x6  
  94  6:31  Overlord  
  102  6:39  Zergling x10  
  101  6:44  Queen  
  101  6:45  Glial Reconstitution  
  102  6:49  Zergling x6  
  92  6:59  Drone x2  
  94  7:01  Overlord  
  94  7:02  Evolution Chamber  
  94  7:05  Drone x3  
  96  7:08  Extractor  
  96  7:09  Extractor  
  96  7:11  Infestation Pit  
  92  7:22  Roach x4  
  100  7:23  Zerg Missile Weapons Level 2  
  100  7:26  Drone x2  
  100  7:28  Overlord x2  
  102  7:30  Zerg Ground Armor Level 1  
  102  7:46  Zergling x6  
  102  7:47  Zergling x2  
  106  7:52  Hive  
  106  7:53  Zergling x8  
  106  7:55  Ravager x4  
  106  7:58  Roach x3, Hatchery  
  119  8:08  Zergling x18  
  128  8:17  Zergling x4  
  127  8:22  Roach x3  
  132  8:28  Roach  
  132  8:29  Roach x2  
  131  8:37  Zergling x14  
  131  8:40  Zergling x2  
  131  8:41  Zergling x2  
  121  8:51  Zergling x6  
  121  8:54  Ravager x8  
  132  8:57  Zergling x2  
  132  8:59  Overlord  
  133  9:05  Zergling x14  
  136  9:15  Zergling x2  
  137  9:19  Ultralisk Cavern, Drone x2  
  137  9:20  Drone  
  134  9:33  Zergling x6  
  134  9:34  Overlord x2  
  134  9:38  Spine Crawler  
Tags
 
Add a new tag
Caveats
  • Supply blocks, unpowered buildings, or Contaminate may cause inaccurate times.
  • Supply counts are checked every 10 seconds.